 Dungeon Crawl Stone Soup version 0.27-a0-899-ge2d0b17c59 (webtiles) character file.

Game seed: 16789281728585526321

453 jestyr24 the Conjurer (level 6, -8/42 HPs)
             Began as a Demonspawn Conjurer on Apr 6, 2021.
             Was an Initiate of Gozag.
             Shot with an arrow by a centaur (9 damage)
             ... on level 5 of the Dungeon.
             The game lasted 00:15:45 (4184 turns).

jestyr24 the Conjurer (Demonspawn Conjurer)         Turns: 4184, Time: 00:15:46

Health: -8/42      AC:  3    Str:  7    XL:     6   Next: 75%
Magic:  8/12       EV: 12    Int: 22    God:    Gozag
Gold:   556        SH:  0    Dex: 11    Spells: 6/13 levels left

rFire    . . .     SeeInvis .   l - +0 battleaxe
rCold    . . .     Faith    .   (shield currently unavailable)
rNeg     . . .     Spirit   .   a - +0 robe
rPois    .         Reflect  .   (helmet restricted)
rElec    .         Harm     .   (no cloak)
rCorr    .         Rampage  .   h - +0 pair of gloves
Will     .....                  (no boots)
Stlth    ++........             (no amulet)
HPRegen  0.14/turn              (no ring)
MPRegen  0.26/turn              (no ring)

@: no status effects
A: horns 1, magic regeneration
a: Renounce Religion, Potion Petition, Call Merchant, Bribe Branch


You were on level 5 of the Dungeon.
You worshipped Gozag.
Gozag was pleased with you.
You visited 1 branch of the dungeon, and saw 5 of its levels.

You collected 556 gold pieces.

Inventory:

Hand Weapons
 f - a +0 dagger
 l - a +0 battleaxe (weapon)
 o - a +0 club
Missiles
 t - 7 poisoned darts
 v - a throwing net
 x - 11 boomerangs
 y - 8 javelins
 A - 7 atropa-tipped darts
Armour
 a - a +0 robe (worn)
 h - a +0 pair of gloves (worn)
Jewellery
 k - a ring of wizardry
Wands
 p - a wand of polymorph (12)
Scrolls
 g - a scroll of fear {unknown}
 i - a scroll of fog
 n - 2 scrolls of vulnerability {unknown}
 r - a scroll of enchant weapon {unknown}
 u - a scroll of teleportation {unknown}
 z - a scroll of summoning {unknown}
Potions
 c - 3 potions of heal wounds
 d - a potion of curing {unknown}
 e - 2 potions of attraction
 j - a potion of degeneration {unknown}
 q - a potion of brilliance {unknown}
 s - 3 potions of flight {unknown}
 w - a potion of cancellation {unknown}


   Skills:
 + Level 0.3 Fighting
 + Level 2.0 Dodging
 + Level 2.8 Stealth
 - Level 0.1 Unarmed Combat
 + Level 4.1 Spellcasting
 + Level 6.2 Conjurations
 * Level 1.7 Hexes


You had 6 spell levels left.
You knew the following spells:

 Your Spells              Type           Power      Damage    Failure   Level
a - Magic Dart            Conj           100%       1d8       1%          1
b - Searing Ray           Conj           64%        3d5       1%          2
c - Fulminant Prism       Conj/Hex       11%        3d9       22%         4

Your spell library contained the following spells:

 Spells                   Type           Power      Damage    Failure   Level
 Shock                    Conj/Air       72%        1d7       3%          1
 Dazzling Flash           Conj/Hex       44%        N/A       6%          3
 Static Discharge         Conj/Air       18%        N/A       10%         3
 Swiftness                Air            4%         N/A       17%         2
 Iskenderun's Mystic Bla  Conj/Tloc      18%        2d6       30%         4
 Lightning Bolt           Conj/Air       9%         1d21      65%         5
 Airstrike                Air            2%         N/A       73%         4


Dungeon Overview and Level Annotations

Branches:
Dungeon (5/15)
 Temple: D:4-7

Altars:
Elyvilon
Gozag
Kikubaaqudgha
Nemelex Xobeh
Okawaru
Sif Muna
Wu Jian
Yredelemnul

Shops:
D:4 [


Innate Abilities, Weirdness & Mutations

You have a pair of small horns on your head.
You regenerate magic rapidly.


Message History

Confirm with . or Enter, or press ? or * to list all spells.
Aiming: Searing Ray (safe; 1% risk of failure)
Press: ? - help, Shift-Dir - straight line, f/p - iguana
Aim: an iguana (lightly wounded, 18% to evade)
The searing ray hits the iguana!
The iguana is almost dead. (Press . to maintain the ray.)
The searing ray hits the iguana!
You kill the iguana!
You start resting.
Magic restored.
You now have 556 gold pieces (gained 6).
A centaur comes into view.
Casting: Searing Ray (safe; 1% risk of failure)
Confirm with . or Enter, or press ? or * to list all spells.
Aiming: Searing Ray (safe; 1% risk of failure)
Press: ? - help, Shift-Dir - straight line, f - centaur
Aim: a centaur, quivering arrows (asleep, 0% to evade)
The searing ray hits the centaur.
The centaur is moderately wounded. (Press . to maintain the ray.)
The centaur wields a +0 shortbow.
The centaur shoots an arrow.
The arrow barely misses you.
The searing ray hits the centaur.
The centaur is heavily wounded.
The centaur shoots an arrow.
The arrow hits you!
The searing ray hits the centaur.
The centaur is severely wounded.
The centaur shoots an arrow.
The arrow hits you.
The centaur shoots an arrow.
The arrow hits you!
The searing ray hits the centaur.
The centaur is almost dead.
You finish channeling your searing ray.
The centaur shoots an arrow.
The arrow hits you!
* * * LOW HITPOINT WARNING * * *
The centaur shoots an arrow.
The arrow hits you.
* * * LOW HITPOINT WARNING * * *
The centaur shoots an arrow.
The arrow hits you!
You die...
Your body crumbles into a pile of gold.

#.. ......... . #.#
#.......# .. #.#
#.......# ... #.#
#.......# .... #.#
#...)...# ..... #.#
#.......#
......###.###.......####
.......@..........).....
##.....##.########.....#
#..... #.# #####.....#
#....c #.# #........##
#..... #.# #..........
#.....##.####..........
#>.....................
##....#######..........
#... #..........


You could see a centaur.

Vanquished Creatures
  A necrophage (D:5)
  2 ogres (D:5)
  2 iguanas
  Robin (D:2)
  6 adders
  A worm (D:2)
  3 dart slugs
  8 orcs
  2 endoplasms
  A giant cockroach (D:2)
  12 goblins
  10 hobgoblins
  8 kobolds
  A quokka (D:2)
  4 ball pythons
  4 bats
  3 frilled lizards
  2 rats
71 creatures vanquished.

Notes
Turn   | Place    | Note
-------+----------+-------------------------------------------
     0 | D:1      | jestyr24 the Demonspawn Conjurer began the quest for the
                  | Orb.
     0 | D:1      | Reached XP level 1. HP: 13/13 MP: 3/3
   226 | D:1      | Found a faded altar of an unknown god.
   258 | D:1      | Became a worshipper of Gozag Ym Sagoz the Greedy
   416 | D:1      | Gained mutation: You regenerate magic rapidly. [demonic
                  | ancestry]
   416 | D:1      | Reached XP level 2. HP: 19/19 MP: 1/5
   859 | D:2      | Learned a level 2 spell: Searing Ray
  1399 | D:2      | Reached XP level 3. HP: 24/24 MP: 3/6
  1502 | D:2      | Noticed Robin
  1522 | D:2      | Reached skill level 5 in Conjurations
  1577 | D:2      | Killed Robin
  2167 | D:3      | Gained mutation: You have a pair of small horns on your
                  | head. [demonic ancestry]
  2167 | D:3      | Reached XP level 4. HP: 30/30 MP: 4/7
  2231 | D:3      | Noticed a bullfrog
  2282 | D:3      | Found a shimmering blue altar of Sif Muna.
  2282 | D:3      | Found an ancient bone altar of Kikubaaqudgha.
  2497 | D:3      | Found an iron altar of Okawaru.
  3122 | D:4      | Found a large runed translucent door.
  3123 | D:4      | Found a large runed translucent door.
  3200 | D:4      | Reached XP level 5. HP: 35/35 MP: 5/9
  3310 | D:4      | Found a sparkling altar of Nemelex Xobeh.
  3422 | D:4      | Found Wevue's Antique Armour Emporium.
  3884 | D:4      | Found an ornate altar of the Wu Jian Council.
  3901 | D:4      | Found a basalt altar of Yredelemnul.
  3945 | D:5      | Entered Level 5 of the Dungeon
  4003 | D:5      | Learned a level 4 spell: Fulminant Prism
  4008 | D:5      | Noticed an ogre
  4014 | D:5      | Killed an ogre
  4063 | D:5      | Noticed a necrophage
  4069 | D:5      | Killed a necrophage
  4070 | D:5      | Reached skill level 6 in Conjurations
  4070 | D:5      | Reached skill level 1 in Hexes
  4070 | D:5      | Reached XP level 6. HP: 41/41 MP: 4/11
  4184 | D:5      | HP: 1/42 [centaur/arrow (5)]
  4184 | D:5      | Shot with an arrow by a centaur

Illustrated notes

Levels and vault maps discovered:
D:1:      tarquinn_simple_flora_water_d, layout_rooms, basic_ecumenical_altar,
          lemuel_flame_loot_1
D:2:      minmay_inner_zag, layout_basic, serial_forest,
          infiniplex_forest_lined_3_way, infiniplex_forest_lined_2, uniq_robin
D:3:      layout_rooms, okawaru_trees_1, gammafunk_temple_overflow_pools,
          lightli_corner_chamber
D:4:      layout_basic, jmf_multi_god_temple2, kennysheep_little_box,
          lemuel_doored_altar, serial_shops, nicolae_shop_waterfront,
          minmay_fountain_box, grunt_ministairs_7
D:5:      layout_basic

Skill      XL: |  1  2  3  4  5  6 |
---------------+-------------------+-----
Conjurations   | 5 6 |  6.2
Stealth        | 2 |  2.8
Spellcasting   | 3 4 |  4.1
Hexes          | 1 |  1.7
Dodging        | 2 |  2.0
Fighting       | |  0.3
Unarmed Combat | |  0.1

Action                   |  1- 3 |  4- 6 || total
-------------------------+-------+-------++-------
Melee: Unarmed           |     3 |       ||     3
       Battleaxe         |     2 |     5 ||     7
       Headbutt          |       |     1 ||     1
 Cast: Magic Dart        |    75 |    54 ||   129
       Searing Ray       |     7 |    14 ||    21
  Use: Scroll            |     1 |     3 ||     4
 Stab: Sleeping          |     1 |       ||     1
Armor: Robe              |     1 |     1 ||     2
Dodge: Dodged            |     6 |    11 ||    17

Table legend: (Time is in decaauts)
 A = Elapsed time spent in this place.
 B = Non-inter-level travel time spent in this place.
 C = Inter-level travel time spent in this place.
 D = Time resting spent in this place.
 E = Time spent auto-exploring this place.
 F = Levels seen in this place.
 G = Mean time per level.
                   A        B        C        D        E       F      G
               +--------+--------+--------+--------+--------+-----+--------+
         Total |   4188 |   3935 |    253 |    647 |   2589 |   5 |  837.6 |
       Dungeon |   4188 |   3935 |    253 |    647 |   2589 |   5 |  837.6 |
               +--------+--------+--------+--------+--------+-----+--------+

Top non-repeatable levels by time:
     D:2: 1260 daAuts
     D:4: 1140 daAuts
     D:1: 854 daAuts
     D:3: 694 daAuts
     D:5: 238 daAuts
